 Dungeon Sprint DCSS version 0.31.0-9-g3a7656b989 (webtiles) character file.

Game seed: 11415735196719359332

250 Groucho the Sneak (level 5, -1/48 HPs)
             Began as an Armataur Brigand on Feb 3, 2024.
             Was a Believer of Uskayaw.
             Slain by a troll (10 damage)
             ... in the Dungeon (Sprint IX: "|||||||||||||||||||||||||||||").
             The game lasted 00:02:12 (223 turns).

Groucho the Sneak (Armataur Brigand)                 Turns: 223, Time: 00:02:12

Health: -1/48      AC:  7    Str: 21    XL:     5   Next: 88%
Magic:  1/5        EV: 11    Int: 12    God:    Uskayaw [**....]
Gold:   0          SH:  0    Dex: 14    Spells: 4/4 levels left

rFire   . . .        q - +2 rapier (venom)
rCold   . . .        (no shield)
rNeg    . . .        b - +0 robe
rPois   .            (no helmet)
rElec   .            c - +0 cloak
rCorr   .            n - +0 pair of gloves
SInv    .            (no barding)
Will    .....        (no amulet)
Stlth   ++++         o - +3 ring of strength
HPRegen 0.28/turn    p - +3 ring of dexterity
MPRegen 0.09/turn

%: no teleportation, roll
@: hasted and slowed
A: large, deformed body, tough skin 3, armoured tail, roll 1
a: Renounce Religion, Stomp, Line Pass


You were in the Dungeon.
You worshipped Uskayaw.
Uskayaw was noncommittal.
You visited 1 branch

Inventory:

Hand Weapons
 a - a +2 dagger
 q - a +2 rapier of venom (weapon)
Missiles
 d - 9 poisoned darts (quivered)
 e - 3 curare-tipped darts
Armour
 b - a +0 robe (worn)
 c - a +0 cloak (worn)
 n - a +0 pair of gloves (worn)
Jewellery
 o - a +3 ring of strength (left hand)
 p - a +3 ring of dexterity (right hand)
Wands
 m - a wand of roots (10)
Scrolls
 k - 2 scrolls of blinking
 l - 2 scrolls of amnesia
Potions
 f - 4 potions of curing
 i - 4 potions of magic
 j - a potion of invisibility


   Skills:
 + Level 5.2 Fighting
 + Level 5.2 Short Blades
 - Level 1.7 Throwing
 + Level 6.3 Armour
 + Level 4.0 Dodging
 + Level 7.9 Stealth
 + Level 0.0 Invocations


You had 4 spell levels left.
You didn't know any spells.
Your spell library was empty.

Dungeon Overview and Level Annotations

Branches:
Dungeon (1/1)

Altars:
Cheibriados
Dithmenos
Elyvilon
Fedhas
Gozag
Hepliaklqana
Kikubaaqudgha
Makhleb
Nemelex Xobeh
Okawaru
Qazlal
Ru
Sif Muna
Trog
Uskayaw
Vehumet
Wu Jian
Xom
Yredelemnul
Zin
The Shining One
Jiyva
Lugonu


Innate Abilities, Weirdness & Mutations

Armour fits poorly on your strangely shaped body.
You have extremely tough skin. (AC +3)
You have a long armoured tail.
You regenerate magic when rolling toward enemies. (Rampage MPRegen)


Message History

Unknown command.
Unknown command.
Unknown command.
Unknown command.
Unknown command.
Unknown command.
You hit the troll.
The troll is poisoned.
The troll is heavily wounded.
The howler monkey seems less confused.
The centaur seems less confused.
The troll bites you but does no damage. The troll claws you. x2
You can now pass through a line of other dancers.
Unknown command.
Unknown command.
Unknown command.
You don't have enough magic at the moment.
You hit the troll.
The troll looks as sick as possible!
You tail-slap the troll.
The troll is severely wounded.
The troll completely misses you. The troll claws you but does no damage.
The troll barely misses you.
You hit the troll.
The troll looks as sick as possible!
The troll is severely wounded.
The howler monkey hoots and howls with incredible vigour!
The troll closely misses you. x2; The troll claws you.
You hit the troll but do no damage.
The troll looks as sick as possible!
The troll is severely wounded.
The howler monkey hoots and howls with incredible vigour!
You closely miss the troll.
The troll is severely wounded.
The troll bites you!
* * * LOW HITPOINT WARNING * * *
The troll claws you!
* * * LOW HITPOINT WARNING * * *
The troll claws you.
* * * LOW HITPOINT WARNING * * *
Unknown command.
You feel better. The troll bites you.
* * * LOW HITPOINT WARNING * * *
The troll claws you!
You die...

▓.▓
▓)▓
▓W▓
▓h▓
▓c▓
▓9▓
▓T▓
▓T▓
▓@▓
▓.▓
▓.▓
▓.▓
▓.▓
▓.▓
▓.▓
▓+▓


You could see 2 trolls, a wraith, a gargoyle, a centaur and a howler monkey.

Vanquished Creatures
  2 ice beasts (D)
  A sleepcap (D)
  An orc wizard (D)
  A gnoll (D)
  2 endoplasms (D)
  A goblin (D)
  A kobold (D)
  A rat (D)
10 creatures vanquished.

Notes
Turn   | Place    | Note
-------+----------+-------------------------------------------
     0 | D        | Groucho the Armataur Brigand began the quest for the Orb.
     0 | D        | Reached XP level 1. HP: 17/17 MP: 1/1
     8 | D        | Reached skill level 1 in Armour
     8 | D        | Reached skill level 1 in Dodging
    22 | D        | Noticed an ice beast
    22 | D        | Noticed an orc wizard
    22 | D        | Noticed a sleepcap
    22 | D        | Noticed an ice beast
    28 | D        | Killed an ice beast
    29 | D        | Reached skill level 6 in Stealth
    29 | D        | Reached XP level 2. HP: 27/27 MP: 2/2
    29 | D        | Reached XP level 3. HP: 33/33 MP: 3/3
    29 | D        | Reached XP level 4. HP: 40/40 MP: 4/4
    38 | D        | Reached skill level 5 in Armour
    42 | D        | Killed an ice beast
    43 | D        | Reached skill level 5 in Fighting
    43 | D        | Reached skill level 5 in Short Blades
    43 | D        | Reached skill level 7 in Stealth
    43 | D        | Reached XP level 5. HP: 48/48 MP: 5/5
    99 | D        | Found a snail-covered altar of Cheibriados.
    99 | D        | Found a shadowy altar of Dithmenos.
    99 | D        | Found a white marble altar of Elyvilon.
    99 | D        | Found a blossoming altar of Fedhas.
    99 | D        | Found an opulent altar of Gozag.
   100 | D        | Found a hazy altar of Hepliaklqana.
   101 | D        | Found a viscous altar of Jiyva.
   102 | D        | Found an ancient bone altar of Kikubaaqudgha.
   103 | D        | Found a corrupted altar of Lugonu.
   104 | D        | Found a burning altar of Makhleb.
   105 | D        | Found a sparkling altar of Nemelex Xobeh.
   106 | D        | Found an iron altar of Okawaru.
   107 | D        | Found a stormy altar of Qazlal.
   108 | D        | Found a sacrificial altar of Ru.
   109 | D        | Found a shimmering blue altar of Sif Muna.
   110 | D        | Found a bloodstained altar of Trog.
   111 | D        | Found a hide-covered altar of Uskayaw.
   112 | D        | Found a radiant altar of Vehumet.
   113 | D        | Found an ornate altar of the Wu Jian Council.
   114 | D        | Found a shimmering altar of Xom.
   115 | D        | Found a basalt altar of Yredelemnul.
   116 | D        | Found a glowing silver altar of Zin.
   117 | D        | Found a glowing golden altar of the Shining One.
   129 | D        | Became a worshipper of Uskayaw the Reveller
   182 | D        | Noticed a wraith
   182 | D        | Noticed a centaur
   182 | D        | Noticed a gargoyle
   182 | D        | Noticed a troll
   182 | D        | Noticed a troll
   185 | D        | Reached * piety under Uskayaw
   208 | D        | HP: 2/48 [wraith (12)]
   214 | D        | Reached ** piety under Uskayaw
   222 | D        | HP: 1/48 [troll (2)]
   223 | D        | Slain by a troll

Illustrated notes

Levels and vault maps discovered:
D:        linesprint [early_d, line_temple, items_1, d_10, items_2, lair_1,
          lair_end, items_3, orc_1, orc_end, items_4, d_15, swamp_1, shoals_1,
          snake_1, spider_1, d_20, vaults_1, items_5, swamp_end, shoals_end,
          snake_end, spider_end, vaults_end, d_27, items_6, zot_1, zot_end,
          crypt_end, forest_end, elf_end, slime_end, tomb_end, abyss_end,
          pan_hell_end]

Skill      XL: |  1  2  3  4  5 |
---------------+----------------+-----
Fighting       | 4 5 |  5.2
Short Blades   | 4 5 |  5.2
Armour         | 4 6 |  6.3
Dodging        | 2 3 4 |  4.0
Stealth        | 6 7 |  7.9
Throwing       | |  1.7

Action                     |  1- 3 |  4- 6 || total
---------------------------+-------+-------++-------
  Melee: Dagger            |    12 |    36 ||    48
         Tailslap          |     1 |     8 ||     9
         Rapier            |       |    10 ||    10
 Invoke: Line Pass         |       |     1 ||     1
    Use: Potion            |     1 |     5 ||     6
   Stab: Sleeping          |     1 |       ||     1
 Armour: Robe              |     3 |    36 ||    39
  Dodge: Dodged            |     2 |    26 ||    28
